Map: Dusty Gorge

Players

Massa - Winner!

  • Race: Terran Terran
  • League: Gold
  • Spawn Location: 9:00

qqq - Winner!

  • Race: Zerg Zerg
  • League: Platinum
  • Spawn Location: 11:00

Nezuko

  • Race: Protoss Protoss
  • Spawn Location: 3:00

EtiennePX

  • Race: Zerg Zerg
  • League: Diamond
  • Spawn Location: 5:00

VOD

Have the link to the VOD?

Description

Time

  • Played on: May 9, 2020, 2:26 p.m.
  • Length: 6:54
Show
View Real Time Build Order
Export as new Build Order

Massa Terran - Winner!

Build Orders:  

Get SALT Encoding   

  12  0:11  Supply Depot  
  12  0:13  SCV  
  13  0:25  SCV  
  14  0:37  SCV  
  14  0:38  Barracks  
  15  0:49  SCV  
  16  0:55  Supply Depot  
  16  1:01  SCV  
  17  1:13  SCV  
  17  1:18  Barracks  
  18  1:27  Barracks  
  18  1:29  Marine  
  19  1:35  SCV  
  20  1:44  Refinery  
  20  1:49  SCV, Barracks  
  20  1:52  Marine  
  22  2:07  Orbital Command  
  22  2:08  Marine  
  23  2:16  Marine x2  
  25  2:25  Marine  
  26  2:34  Marine x2  
  26  2:37  Marine, Supply Depot  
  28  2:43  Marine  
  30  2:52  Marine  
  30  2:58  Marine x2  
  33  3:00  Supply Depot  
  33  3:01  Marine  
  34  3:09  Marine  
  35  3:16  Marine x2  
  35  3:19  Marine  
  38  3:27  Marine  
  38  3:34  Factory, Marine x2  
  41  3:37  Marine  
  42  3:45  Marine  
  43  3:49  Supply Depot  
  43  3:51  Marine x2  
  43  3:55  Marine  
  46  4:18  Marine  
  46  4:19  Marine x3  
  50  4:26  Factory Tech Lab  
  50  4:36  Marine x3  
  50  4:37  Marine  
  36  4:53  Siege Tank  
  36  4:54  Marine x4  
  43  5:12  Marine x3  
  39  5:25  Siege Tank  
  37  5:29  Marine  
  37  5:30  Marine x3  
  41  5:47  Marine x2  
  41  5:48  Marine x2  
  43  6:05  Marine x3  
  43  6:18  Marine  
  43  6:22  Marine  
  43  6:23  Marine x2  
  47  6:25  Supply Depot  
  48  6:49  Supply Depot  
Show
View Real Time Build Order
Export as new Build Order

qqq Zerg - Winner!

Build Orders: Hatch First 

Get SALT Encoding   

  12  0:02  Drone  
  13  0:09  Drone  
  14  0:38  Hatchery  
  13  0:52  Spawning Pool  
  12  0:59  Drone  
  12  1:01  Extractor  
  12  1:07  Overlord  
  12  1:12  Drone  
  12  1:17  Drone  
  14  1:26  Drone  
  15  1:34  Drone  
  16  1:43  Zergling x2  
  17  1:53  Drone  
  18  1:55  Zergling x2  
  18  1:57  Queen  
  21  2:04  Zergling x2  
  22  2:09  Zergling x2  
  22  2:13  Drone  
  22  2:15  Metabolic Boost  
  24  2:19  Zergling x2  
  25  2:24  Zergling x2  
  25  2:29  Overlord  
  26  2:34  Zergling x2  
  27  2:37  Zergling x2  
  28  2:48  Zergling x2  
  29  2:58  Zergling x2  
  30  2:59  Zergling x2  
  31  3:06  Queen  
  31  3:09  Baneling Nest  
  31  3:11  Zergling x2  
  33  3:13  Overlord  
  33  3:18  Zergling x2  
  34  3:30  Zergling x4  
  36  3:35  Zergling x2  
  36  3:36  Zergling x4  
  39  3:47  Zergling x2  
  39  3:48  Zergling x4  
  41  4:07  Zergling x4  
  41  4:08  Zergling x2  
  36  4:33  Zergling x4  
  36  4:34  Zergling x8  
  41  4:42  Baneling  
  41  4:43  Baneling x4  
  41  4:54  Zergling x4  
  41  4:55  Overlord  
  41  4:56  Overlord  
  41  4:57  Overlord  
  38  5:44  Zergling x2  
  38  5:45  Zergling x8  
  38  5:46  Zergling x6  
  38  5:47  Zergling x8  
  41  6:18  Zergling x6  
  42  6:19  Zergling x6  
Show
View Real Time Build Order
Export as new Build Order

Nezuko Protoss 

Build Orders:  

Get SALT Encoding   

  12  0:03  Probe  
  13  0:16  Pylon  
  13  0:19  Probe (Chrono Boost)  
  14  0:27  Assimilator  
  14  0:30  Probe (Chrono Boost)  
  15  0:45  Gateway  
  15  0:47  Probe  
  16  0:59  Probe (Chrono Boost)  
  17  1:05  Forge  
  18  1:11  Probe (Chrono Boost)  
  18  1:20  Probe (Chrono Boost)  
  19  1:26  Probe  
  20  1:38  Probe  
  21  1:49  Nexus  
  21  1:53  Probe  
  22  2:05  Probe, Cybernetics Core  
  23  2:10  Pylon  
  23  2:24  Gateway  
  23  2:39  Assimilator  
  23  2:43  Photon Cannon  
  23  2:50  Stalker (Chrono Boost)  
  25  3:01  Probe (Chrono Boost)  
  26  3:11  Probe (Chrono Boost)  
  27  3:15  Stalker (Chrono Boost)  
  27  3:16  Probe (Chrono Boost)  
  27  3:19  Zealot (Chrono Boost)  
  32  3:25  Gateway  
  32  3:27  Probe  
  32  3:32  Pylon  
  33  3:39  Probe  
  36  3:53  Stargate  
  30  3:59  Photon Cannon  
  15  4:17  Probe (Chrono Boost)  
  16  4:26  Pylon  
  16  4:27  Probe (Chrono Boost)  
  17  4:32  Probe (Chrono Boost)  
  18  4:42  Pylon  
  18  4:43  Probe  
  18  4:49  Zealot  
  18  4:51  Pylon  
  18  4:55  Probe  
  18  4:57  Pylon  
  18  5:25  Pylon  
  16  5:30  Pylon  
  16  5:32  Probe (Chrono Boost)  
  17  5:37  Zealot x2  
  17  5:41  Zealot  
  17  5:42  Probe (Chrono Boost)  
  18  5:52  Photon Cannon  
  18  5:59  Probe  
  19  6:31  Zealot (Chrono Boost)  
Show
View Real Time Build Order
Export as new Build Order

EtiennePX Zerg 

Build Orders: Hatch First 

Get SALT Encoding   

  12  0:01  Drone  
  13  0:13  Overlord  
  13  0:18  Drone  
  14  0:31  Drone x2  
  16  0:57  Hatchery  
  15  1:05  Spawning Pool  
  15  1:08  Extractor  
  13  1:14  Drone x2  
  13  1:18  Drone  
  16  1:25  Drone  
  17  1:36  Drone  
  18  1:46  Drone  
  19  1:54  Queen  
  19  1:57  Drone  
  22  2:09  Overlord  
  22  2:12  Metabolic Boost  
  22  2:18  Drone  
  22  2:20  Queen  
  26  2:22  Drone  
  26  2:29  Drone  
  27  2:41  Drone x4  
  31  2:51  Drone x2  
  33  2:58  Queen  
  35  3:08  Drone, Overlord  
  36  3:20  Spine Crawler  
  36  3:25  Baneling Nest  
  34  3:28  Zergling x10  
  34  3:34  Zergling x8  
  40  3:41  Evolution Chamber  
  41  4:00  Zergling x6  
  39  4:12  Zergling x8  
  42  4:18  Overlord x3  
  42  4:21  Baneling x4  
  42  4:24  Baneling x2  
  39  4:36  Overlord  
  33  4:46  Zergling x10  
  33  4:51  Queen  
  39  4:57  Zergling x8  
  43  5:04  Baneling  
  43  5:05  Baneling x5  
  43  5:06  Baneling  
  44  5:07  Zergling x4  
  43  5:19  Zergling x4  
  43  5:21  Zergling x2  
  40  5:30  Zergling x10  
  40  5:33  Queen  
  41  5:44  Zergling x6  
  37  5:50  Zergling x6  
  17  6:08  Queen  
Tags
 
Add a new tag
Caveats
  • Supply blocks, unpowered buildings, or Contaminate may cause inaccurate times.
  • Supply counts are checked every 10 seconds.